 Dungeon Crawl Stone Soup version 0.28-a0-909-g796cbd3a86 (webtiles) character file.

Game seed: 9581585286102750587

417 croobank the Sneak (level 6, 0/57 HPs)
             Began as an Octopode Earth Elementalist on Nov 24, 2021.
             Succumbed to a killer bee's poison
             ... on level 4 of the Dungeon.
             The game lasted 00:17:07 (3549 turns).

croobank the Sneak (Octopode Earth Elementalist)    Turns: 3549, Time: 00:17:08

Health: 0/57       AC: 23    Str:  9    XL:     6   Next: 93%
Magic:  11/11      EV:  2    Int: 17    God:
Gold:   107        SH:  0    Dex: 13    Spells: 7/11 levels left

rFire   + . .      SeeInvis .   o - +0 flail
rCold   . . .      Faith    .   (no shield)
rNeg    . . .      Spirit   .   (helmet currently unavailable)
rPois   +          Reflect  .   (no amulet)
rElec   .          Harm     .   h - ring of protection from cold
rCorr   .          Rampage  .   m - ring of fire
Will    .....      NoTele   +   (no ring)
Stlth   +++.......              (no ring)
HPRegen 1.19/turn               (no ring)
MPRegen 0.12/turn               (no ring)
                                (no ring)
                                (no ring)

@: mighty, lethally poisoned (0 -> -2), tree-form
A: stationary, stasis, torment immunity, boosted hp, almost no armour,
(amphibious), 8 rings, (camouflage 1), (gelatinous body 1), (nimble swimmer 1),
(tentacles), regeneration 1, wild magic 1
a: no special abilities


You were on level 4 of the Dungeon.
You were a tree.
You visited 1 branch of the dungeon, and saw 4 of its levels.

You collected 107 gold pieces.

Inventory:

Hand Weapons
 e - a +0 long sword
 f - a +0 mace
 g - a +2 short sword of holy wrath
 l - a +4 dagger
 o - a +0 flail (weapon)
Missiles
 b - 22 stones
Armour
 d - a +0 kite shield
Jewellery
 h - a ring of protection from cold (left branch)
 m - a ring of fire (right branch)
Scrolls
 j - a scroll of fear {unknown}
 k - a scroll of blinking {unknown}
 p - a scroll of amnesia {unknown}
Potions
 c - a potion of lignification


   Skills:
 + Level 1.5 Fighting
 + Level 2.5 Maces & Flails
 + Level 3.0 Dodging
 + Level 4.4 Stealth
 * Level 2.1 Shields
 + Level 3.3 Spellcasting
 * Level 1.7 Conjurations
 + Level 1.0 Transmutations
 + Level 3.5 Earth Magic


You had 7 spell levels left.
You knew the following spells:

 Your Spells              Type           Power      Damage    Failure   Level
a - Sandblast             Erth           38%        2d10      7%          1
b - Stone Arrow           Conj/Erth      30%        3d8       24%         3

Your spell library contained the following spells:

 Spells                   Type           Power      Damage    Failure   Level
 Passwall                 Tmut/Erth      10%        N/A       14%         2
 Portal Projectile        Hex/Tloc       6%         N/A       54%         3
 Petrify                  Tmut/Erth      13%        N/A       63%         4
 Blade Hands              Tmut           4%         N/A       98%         5
 Excruciating Wounds      Necr           1%         N/A       99%         5


Dungeon Overview and Level Annotations

Branches:
Dungeon (4/15)
 Temple: D:4-7

Altars:


Innate Abilities, Weirdness & Mutations

You are a tree.
Your roots penetrate the ground, keeping you stationary.
You cannot be teleported.
You are immune to unholy pain and torment.
Your maximum health is greatly increased.
You cannot wear most types of armour.
((You are amphibious.))
You can wear up to eight rings at the same time.
((Your skin changes colour to match your surroundings (Stealth+).))
((Your rubbery body absorbs attacks. (AC +1, EV +1)))
((You are camouflaged near water. (Stealth+)))
((You have tentacles for arms and can constrict up to eight enemies at once.))
Your natural rate of healing is unusually fast.
Your spells are a little harder to cast, but a little more powerful.


Message History

* * * LOW HITPOINT WARNING * * *
The killer bee stings you but does no damage.
The killer bee stings you!
* * * LOW HITPOINT WARNING * * *
You feel better. The killer bee closely misses you. x2
The killer bee stings you.
* * * LOW HITPOINT WARNING * * *
The killer bee closely misses you.
Sorry, you're not good enough to have a special ability.
You feel better. The killer bee stings you.
* * * LOW HITPOINT WARNING * * *
The killer bee closely misses you. The killer bee barely misses you.
The killer bee stings you.
* * * LOW HITPOINT WARNING * * *
As you read the scroll labelled ESIESE JOSE, it crumbles to dust.
You speak a Word of immense power!
It was a scroll of holy word.
The killer bee barely misses you.
The killer bee stings you but does no damage.
The killer bee closely misses you. The killer bee stings you.
* * * LOW HITPOINT WARNING * * *
Really quaff the potion of lignification?
You turn into a tree.
Your roots penetrate the ground.
The killer bee stings you but does no damage.
The killer bee stings you.
* * * LOW HITPOINT WARNING * * *
The killer bee barely misses you.
The killer bee stings you but does no damage.
You barely miss the killer bee.
The killer bee stings you but does no damage. x2
The killer bee stings you.
* * * LOW HITPOINT WARNING * * *
The killer bee stings you but does no damage.
You barely miss the killer bee. The killer bee stings you!
* * * LOW HITPOINT WARNING * * *
You are lethally poisoned!
The killer bee poisons you!
The killer bee stings you but does no damage. x5
It was a potion of might.
You feel very mighty all of a sudden.
You die...

. #.#.#.#†#.#.#.# ..
#.#.#.#.#.#.#.#
#.#.#...#.#.#.## ...
#$#.......#.#..#
.)..#.........†.#..#
.........##[.......#
....<..yy..........#
#####.##y###########
#. #♣y# # ##.# .# .#
.# ##


You could see 4 killer bees.

Vanquished Creatures
  Grinder (D:3)
  A water moccasin zombie (D:4)
  An orc wizard (D:4)
  4 adders
  An adder skeleton (D:4)
  3 worms
  5 dart slugs
  3 orcs (D:4)
  A bat (D:1)
  6 endoplasms
  3 giant cockroaches
  10 goblins
  8 hobgoblins
  2 jackals (D:1)
  4 kobolds
  6 quokkas
  5 ball pythons
  2 frilled lizards (D:2)
  6 rats
72 creatures vanquished.

Notes
Turn   | Place    | Note
-------+----------+-------------------------------------------
     0 | D:1      | croobank the Octopode Earth Elementalist began the quest
                  | for the Orb.
     0 | D:1      | Reached XP level 1. HP: 11/11 MP: 3/3
   410 | D:1      | Reached skill level 3 in Stealth
   619 | D:1      | Reached XP level 2. HP: 8/17 MP: 3/5
  1588 | D:1      | Found a faded altar of an unknown god.
  1670 | D:2      | Reached XP level 3. HP: 17/21 MP: 4/6
  1886 | D:2      | Gained mutation: Your natural rate of healing is unusually
                  | fast. [potion of mutation]
  1886 | D:2      | Gained mutation: Your spells are a little harder to cast,
                  | but a little more powerful. [potion of mutation]
  2434 | D:3      | Reached XP level 4. HP: 26/27 MP: 7/7
  2459 | D:3      | Reached skill level 4 in Stealth
  2462 | D:3      | Reached skill level 1 in Maces & Flails
  2537 | D:3      | Reached skill level 1 in Shields
  2919 | D:3      | Noticed Grinder
  2922 | D:3      | Paralysed by Grinder for 3 turns
  2936 | D:3      | Paralysed by Grinder for 2 turns
  2941 | D:3      | Paralysed by Grinder for 3 turns
  2947 | D:3      | Killed Grinder
  2948 | D:3      | Reached skill level 1 in Fighting
  2948 | D:3      | Reached skill level 1 in Conjurations
  2948 | D:3      | Reached XP level 5. HP: 33/33 MP: 1/9
  2948 | D:3      | Reached XP level 6. HP: 38/38 MP: 1/10
  3422 | D:4      | Learned a level 3 spell: Stone Arrow
  3542 | D:4      | HP: 1/38 [killer bee (10)]
  3548 | D:4      | HP: 1/57 [killer bee (7)]
  3549 | D:4      | Succumbed to a killer bee's poison

Illustrated notes

Levels and vault maps discovered:
D:1:      amcnicky_arrival_gap_in_the_tavern_cellar, layout_basic,
          shapermc_ecumenical_altar_hornbeckon, lemuel_old_faithful
D:2:      layout_basic
D:3:      layout_rooms, uniq_grinder
D:4:      layout_basic, minmay_misc_feat_more_columns, minmay_hedge_maze

Skill      XL: |  1  2  3  4  5  6 |
---------------+-------------------+-----
Stealth        | 3 4 |  4.4
Maces & Flails | 2 |  2.5
Shields        | 2 |  2.1
Fighting       | 1 |  1.5
Conjurations   | 1 |  1.7
Spellcasting   | 3 |  3.3
Dodging        | 3 |  3.0
Transmutations | |  1.0
Earth Magic    | |  3.5

Action                   |  1- 3 |  4- 6 || total
-------------------------+-------+-------++-------
Melee: Unarmed           |    13 |       ||    13
       Constrict         |    21 |    21 ||    42
       Tentacles         |    10 |    10 ||    20
       Mace              |    62 |    82 ||   144
       Flail             |       |     6 ||     6
Throw: Stone             |       |     1 ||     1
 Cast: Sandblast         |    17 |    13 ||    30
  Use: Scroll            |     3 |     1 ||     4
       Potion            |     1 |     5 ||     6
 Stab: Sleeping          |     8 |     7 ||    15
Armor: Skin              |    10 |    29 ||    39
Dodge: Dodged            |    47 |    61 ||   108

Table legend: (Time is in decaauts)
 A = Elapsed time spent in this place.
 B = Non-inter-level travel time spent in this place.
 C = Inter-level travel time spent in this place.
 D = Time resting spent in this place.
 E = Time spent auto-exploring this place.
 F = Levels seen in this place.
 G = Mean time per level.
                   A        B        C        D        E       F      G
               +--------+--------+--------+--------+--------+-----+--------+
         Total |   3599 |   3544 |     55 |    699 |   1993 |   4 |  899.8 |
       Dungeon |   3599 |   3544 |     55 |    699 |   1993 |   4 |  899.8 |
               +--------+--------+--------+--------+--------+-----+--------+

Top non-repeatable levels by time:
     D:1: 1668 daAuts
     D:2: 749 daAuts
     D:3: 713 daAuts
     D:4: 467 daAuts
